 Dungeon Crawl Stone Soup version 0.32-a0-391-gce5c0aab1b (webtiles) character file.

Game seed: 7138580931786080998

41 shadowstone the Insei (level 3, -1/22 (23) HPs)
             Began as an Octopode Shapeshifter on Feb 19, 2024.
             Slain by Crazy Yiuf
             ... wielding a +3 quarterstaff of chaos
              (15 damage)
             ... on level 2 of the Dungeon.
             The game lasted 00:03:29 (1632 turns).

shadowstone the Insei (Octopode Shapeshifter)       Turns: 1632, Time: 00:03:29

HP:   -1/22 (23)    AC:  1    Str: 13    XL:     3   Next: 52%
MP:   3/3           EV: 13    Int: 12    God:
Gold: 97            SH:  0    Dex: 13    Spells: 2/2 levels left

rFire   . . .        h - +2 short sword (speed)
rCold   . . .        (no shield)
rNeg    . . .        (helmet currently unavailable)
rPois   .            (no amulet)
rElec   .            (no ring)
rCorr   .            (no ring)
SInv    .            (no ring)
Will    .....        (no ring)
Stlth   +++          (no ring)
HPRegen 0.23/turn    (no ring)
MPRegen 0.08/turn    (no ring)
                     (no ring)

%: no passive effects
@: beast-form, lightly drained
A: beast (slay +1), almost no armour, amphibious, 8 rings, camouflage 1,
gelatinous body 1, (nimble swimmer 1), tentacles
a: Begin Untransformation


You were on level 2 of the Dungeon.
You were a hulking beast.
You visited 1 branch of the dungeon, and saw 2 of its levels.

You collected 97 gold pieces.

Inventory:

Hand Weapons
 h - a +2 short sword of speed (weapon)
Magical Staves
 o - a staff of alchemy
Jewellery
 i - a ring of flight
Talismans
 b - a beast talisman (active)
 c - a flux talisman
Scrolls
 f - 4 scrolls of fear {unknown}
 j - a scroll of revelation {unknown}
 k - a scroll of enchant armour {unknown}
 l - a scroll of identify {unknown}
 m - 2 scrolls of teleportation {unknown}
Potions
 a - a potion of lignification
 d - a potion of brilliance {unknown}
 e - a potion of ambrosia {unknown}
 g - 2 potions of magic {unknown}
 n - 2 potions of heal wounds {unknown}


   Skills:
 + Level 1.0 Fighting
 + Level 0.2 Short Blades
 + Level 2.1 Dodging
 + Level 1.2 Stealth
 + Level 3.7 Unarmed Combat
 + Level 3.4 Shapeshifting


You had 2 spell levels left.
You didn't know any spells.
Your spell library was empty.

Dungeon Overview and Level Annotations

Branches:
Dungeon (2/15)

Altars:

Shops:
D:1 :

Annotations:
D:2 Crazy Yiuf


Innate Abilities, Weirdness & Mutations

You are a hulking beast.
Your limbs bulge with bestial killing power. (Slay +1)
You cannot wear most types of armour.
You are amphibious.
You can wear up to eight rings at the same time.
Your skin changes colour to match your surroundings (Stealth+).
Your rubbery body absorbs attacks. (AC +1, EV +1)
((You are camouflaged when in or above water. (Stealth+)))
You have tentacles for arms and can constrict up to eight enemies at once.


Message History

A ball python is nearby!
The helpless ball python fails to defend itself.
You hit the ball python.
You kill the ball python!
You see here a ball python corpse.
You open the door.
Found a war axe.
Found a stone staircase leading up.
There is an open door here.
You now have 89 gold pieces (gained 5).
You now have 97 gold pieces (gained 8).
You open the door.
There is an open door here.
You open the door.
There is an open door here.
There is an open door here.
You open the door.
There is an open door here.
n - 2 lumpy grey potions (gained 1)
There is an open door here.
Found a hammer.
Found a runed translucent door.
You open the door.
There is an open translucent door here.
The helpless Crazy Yiuf fails to defend himself.
You hit Crazy Yiuf. You grab Crazy Yiuf.
Crazy Yiuf is moderately wounded.
You constrict Crazy Yiuf.
Crazy Yiuf hits you with a +3 quarterstaff of chaos!
You feel drained.
You hit Crazy Yiuf.
Crazy Yiuf is heavily wounded.
You constrict Crazy Yiuf. Crazy Yiuf barely misses you.
You hit Crazy Yiuf but do no damage.
Crazy Yiuf is severely wounded.
You constrict Crazy Yiuf. You hit Crazy Yiuf.
Crazy Yiuf is almost dead.
You constrict Crazy Yiuf, but do no damage.
Crazy Yiuf hits you with a +3 quarterstaff of chaos!
Ouch! That really hurt!
You die...

........# <.......#
........# .....####
.....# .....#######
.....+...#.########
.#.#......#..##...#
.#.......####.'.hg#
.###.+..## ###..)#
.# ###### ##### .#
.# .# .# .# .#


You could see Crazy Yiuf.

Vanquished Creatures
  2 giant cockroaches (D:2)
  2 goblins
  4 hobgoblins
  A quokka (D:2)
  5 ball pythons
  3 bats
  A frilled lizard (D:1)
  3 kobolds (D:1)
  2 rats (D:1)
23 creatures vanquished.

Notes
Turn   | Place    | Note
-------+----------+-------------------------------------------
     0 | D:1      | shadowstone the Octopode Shapeshifter began the quest for
                  | the Orb.
     0 | D:1      | Reached XP level 1. HP: 13/13 MP: 1/1
   107 | D:1      | Reached XP level 2. HP: 14/18 MP: 2/2
   129 | D:1      | Found Toigoheh's Book Emporium.
   956 | D:2      | Reached XP level 3. HP: 23/23 MP: 3/3
  1101 | D:2      | Reached skill level 1 in Stealth
  1621 | D:2      | Found a runed translucent door.
  1622 | D:2      | Noticed Crazy Yiuf
  1632 | D:2      | Slain by Crazy Yiuf

Illustrated notes

Levels and vault maps discovered:
D:1:      dpeg_arrival_rooms_a, layout_basic, serial_shops, shop
D:2:      layout_basic, uniq_crazy_yiuf_cottage

Skill      XL: |  1  2  3 |
---------------+----------+-----
Stealth        | 1 |  1.2
Fighting       | |  1.0
Short Blades   | |  0.2
Dodging        | |  2.1
Unarmed Combat | |  3.7
Shapeshifting  | |  3.4

Action                     || total
---------------------------++-------
  Melee: Unarmed           ||    19
         Constrict         ||    14
         Tentacles         ||     6
         Short sword       ||    23
   Stab: Sleeping          ||     7
 Armour: Skin              ||    18
  Dodge: Dodged            ||    20

Table legend: (Time is in decaauts)
 A = Elapsed time spent in this place.
 B = Non-inter-level travel time spent in this place.
 C = Inter-level travel time spent in this place.
 D = Time resting spent in this place.
 E = Time spent auto-exploring this place.
 F = Levels seen in this place.
 G = Mean time per level.
                   A        B        C        D        E       F      G
               +--------+--------+--------+--------+--------+-----+--------+
         Total |   1623 |   1554 |     69 |      0 |   1170 |   2 |  811.5 |
       Dungeon |   1623 |   1554 |     69 |      0 |   1170 |   2 |  811.5 |
               +--------+--------+--------+--------+--------+-----+--------+

Top non-repeatable levels by time:
     D:1: 834 daAuts
     D:2: 788 daAuts
